[Event "Titled Tuesday Blitz May 2 Early 2023"]
[White "Florescu, Codrut-Constantin"]
[Black "Da Silva, Lindolfo Luiz"]
[WhiteFideId "1202200"]
[BlackFideId "2106558"]
[WhiteElo "2191"]
[BlackElo "2207"]
[Result "1-0"]
[Round "04"]
[TimeControl "180+2"]
[Date "2023.05.02"]
[WhiteClock "0:01:01"]
[BlackClock "0:00:02"]

1. e4 c5 2. Nf3 Nc6 3. d3 e5 4. g3 g6 5. Bg2 Bg7 6. O-O Nge7 7. a3 O-O 8. b4 cxb4 9. axb4 Nxb4 10. Ba3 Nbc6 11. c4 d6 12. Nc3 Bg4 13. h3 Bxf3 14. Bxf3 Nd4 15. Bg2 Qd7 16. Kh2 Rfb8 17. Rb1 b6 18. f4 a6 19. Ne2 Nxe2 20. Qxe2 b5 21. f5 f6 22. fxg6 hxg6 23. h4 bxc4 24. dxc4 Nc6 25. Bh3 Qe7 26. Qg4 Kf7 27. h5 g5 28. Qf5 Rxb1 29. Qg6+ Kf8 30. Rxb1 Qf7 31. Bxd6+ Kg8 32. Qxf7+ Kxf7 33. Rb7+ Kg8 34. Be6+ Kh8 35. Bd5 Rc8 36. c5 a5 37. Rb6 Nd4 38. Ra6 Bf8 39. Bxf8 Rxf8 40. Rxa5 Rd8 41. Kh3 f5 42. c6 g4+ 43. Kg2 f4 44. c7 f3+ 45. Kf2 Rc8 46. Ra8 1-0


[Site "https://www.chess.com"]

[Event "Titled Tuesday Blitz May 2 Early 2023"]
[White "Bouget, Alexandre"]
[Black "Dimitrov, Atanas"]
[WhiteFideId "681318"]
[BlackFideId "2901315"]
[WhiteElo "2182"]
[BlackElo "2269"]
[Result "0-1"]
[Round "04"]
[TimeControl "180+2"]
[Date "2023.05.02"]
[WhiteClock "0:00:21"]
[BlackClock "0:01:10"]

1. d4 Nf6 2. c4 g6 3. Nc3 d5 4. cxd5 Nxd5 5. e4 Nxc3 6. bxc3 Bg7 7. Ba3 O-O 8. Nf3 b6 9. Qb3 Bb7 10. Bd3 Nd7 11. Rd1 Nf6 12. Qb1 Re8 13. O-O Qc8 14. c4 Nh5 15. e5 Nf4 16. Be4 Qg4 17. Ne1 Bxe4 18. Qb3 Bxg2 19. Qg3 Qxd1 20. Qxf4 Bxf1 21. Kxf1 e6 22. Kg2 c5 23. Nf3 cxd4 24. Ng5 Rf8 25. Ne4 Qh5 26. Nf6+ Bxf6 27. exf6 d3 0-1


[Site "https://www.chess.com"]

[Event "Titled Tuesday Blitz May 2 Early 2023"]
[White "Nemec, Jachym"]
[Black "Bruedigam, Martin"]
[WhiteFideId "23716525"]
[BlackFideId "24608033"]
[WhiteElo "2305"]
[BlackElo "2331"]
[Result "1-0"]
[Round "04"]
[TimeControl "180+2"]
[Date "2023.05.02"]
[WhiteClock "0:01:42"]
[BlackClock "0:00:13"]

1. c4 Nf6 2. Nc3 e5 3. Nf3 e4 4. Ng5 c6 5. d3 exd3 6. e4 Bc5 7. Bxd3 d6 8. O-O Nbd7 9. Na4 Bb4 10. a3 Ba5 11. b4 Bc7 12. Bb2 O-O 13. f4 Re8 14. Nc3 Bb6+ 15. Kh1 Nf8 16. Na4 Bc7 17. Qc2 Ng4 18. Rae1 h6 19. Nf3 d5 20. cxd5 Bxf4 21. g3 Bc7 22. dxc6 bxc6 23. e5 h5 24. Nc5 a5 25. Be4 axb4 26. axb4 Ra2 27. Qb1 Ra7 28. Bxc6 Re7 29. Rd1 Bd7 30. e6 fxe6 31. Nxd7 Nxd7 32. Qg6 Nf8 33. Rxd8 1-0


[Site "https://www.chess.com"]

[Event "Titled Tuesday Blitz May 2 Early 2023"]
[White "Orlov, Georgi"]
[Black "Toktomushev, Teimur"]
[WhiteFideId "2011271"]
[BlackFideId "14176726"]
[WhiteElo "2453"]
[BlackElo "2116"]
[Result "1-0"]
[Round "04"]
[TimeControl "180+2"]
[Date "2023.05.02"]
[WhiteClock "0:00:38"]
[BlackClock "0:00:03"]

1. d4 d5 2. Nf3 Nf6 3. c4 e6 4. Nc3 Be7 5. cxd5 exd5 6. Bg5 c6 7. Qc2 g6 8. e4 dxe4 9. Bxf6 Bxf6 10. Qxe4+ Kf8 11. Bc4 Kg7 12. O-O Bf5 13. Qf4 h5 14. Ne5 Rf8 15. Rad1 Nd7 16. Ne4 Qc7 17. Nxf6 Nxf6 18. Nxg6 Qxf4 19. Nxf4 Rad8 20. Bb3 Rfe8 21. f3 Re3 22. Rd2 a5 23. Kf2 Re7 24. Rfd1 Red7 25. d5 cxd5 26. Bxd5 Nxd5 27. Rxd5 Rxd5 28. Rxd5 Rxd5 29. Nxd5 Be6 30. Nc3 Kf6 31. Ke3 Ke5 32. f4+ Kd6 33. Ke4 f6 34. Kd4 b6 35. a3 h4 36. Ne4+ Ke7 37. g3 hxg3 38. Nxg3 Bh3 39. Kc4 Bd7 40. h4 Kd6 41. h5 b5+ 42. Kd4 Be8 43. f5 Ke7 44. Kc5 b4 45. axb4 axb4 46. Kxb4 Kf8 47. Kc5 Kg7 48. Kd6 Kh6 49. Ke7 Bb5 50. Kxf6 Bc4 51. Ke5 Bf7 52. b4 Bc4 53. Kd4 Ba6 54. Kc5 Kg5 55. b5 Bc8 56. Kd6 Kf6 57. h6 Bb7 58. Kc7 Bg2 59. b6 Kf7 60. b7 Bxb7 61. Kxb7 Kg8 62. Kc7 Kh8 63. Kd7 Kg8 64. Ke7 Kh8 65. f6 Kh7 66. f7 Kg6 67. f8=Q Kg5 68. Qg7+ Kf4 69. Nh5+ Kf3 70. Qg3+ Ke2 71. Nf4+ Kd2 72. Qd3+ Kc1 73. Ne2+ Kb2 74. Qc3+ Ka2 75. h7 Kb1 76. h8=Q Ka2 77. Qb2# 1-0


[Site "https://www.chess.com"]

[Event "Titled Tuesday Blitz May 2 Early 2023"]
[White "Shubenkova, Veronika"]
[Black "Domingo Nunez, Ruben"]
[WhiteFideId "44124040"]
[BlackFideId "22245570"]
[WhiteElo "2027"]
[BlackElo "2404"]
[Result "1-0"]
[Round "04"]
[TimeControl "180+2"]
[Date "2023.05.02"]
[WhiteClock "0:01:16"]
[BlackClock "0:00:53"]

1. e4 Nc6 2. d4 d5 3. e5 Bf5 4. c3 f6 5. f4 g5 6. Bb5 Qd7 7. Nf3 gxf4 8. Bxf4 a6 9. Bxc6 Qxc6 10. O-O O-O-O 11. Nbd2 Nh6 12. Nh4 Bg4 13. Qe1 Rg8 14. a4 f5 15. Bxh6 Qxh6 16. Nxf5 Bxf5 17. Rxf5 Rxg2+ 18. Kxg2 Qg6+ 19. Qg3 Qxf5 20. Qh3 Qxh3+ 21. Kxh3 Bh6 22. Nf3 Rf8 23. Kg2 Kd7 24. Rf1 b5 25. axb5 axb5 26. Ra1 b4 27. Ra6 Bc1 28. e6+ 1-0


[Site "https://www.chess.com"]

[Event "Titled Tuesday Blitz May 2 Early 2023"]
[White "Bashkansky, Ethan"]
[Black "Vitenberg, Noam Aviv"]
[WhiteFideId "2071533"]
[BlackFideId "1532138"]
[WhiteElo "2101"]
[BlackElo "2236"]
[Result "1-0"]
[Round "04"]
[TimeControl "180+2"]
[Date "2023.05.02"]
[WhiteClock "0:00:17"]
[BlackClock "0:00:01"]

1. d4 a6 2. g3 e6 3. Bg2 c5 4. c3 Nc6 5. Nf3 b5 6. O-O Bb7 7. Ne5 Qb6 8. Nxd7 Qc7 9. Nxf8 Kxf8 10. Bf4 Qe7 11. dxc5 e5 12. Be3 Rd8 13. Qc2 Nf6 14. a4 b4 15. Nd2 Ng4 16. Qe4 h5 17. h3 Na5 18. Qxb4 Bxg2 19. Kxg2 Nxe3+ 20. fxe3 Rxd2 21. Qxa5 Rxe2+ 22. Rf2 Rxf2+ 23. Kxf2 Rh6 24. Rd1 Kg8 25. Qd8+ Qxd8 26. Rxd8+ Kh7 27. Rd6 f6 28. c6 h4 29. c7 hxg3+ 30. Kxg3 f5 31. Rxh6+ 1-0


[Site "https://www.chess.com"]

[Event "Titled Tuesday Blitz May 2 Early 2023"]
[White "Topalov, Aleksandar"]
[Black "Iskusnyh, Sergei"]
[WhiteFideId "925659"]
[BlackFideId "4120027"]
[WhiteElo "2151"]
[BlackElo "2492"]
[Result "0-1"]
[Round "04"]
[TimeControl "180+2"]
[Date "2023.05.02"]
[WhiteClock "0:00:02"]
[BlackClock "0:00:39"]

1. b3 e5 2. Bb2 Nc6 3. c4 g6 4. Nc3 Bg7 5. g3 d6 6. Bg2 f5 7. e3 Nf6 8. a3 O-O 9. Nge2 e4 10. d3 Ne5 11. dxe4 fxe4 12. Nxe4 Nxe4 13. Bxe4 Bg4 14. Bxe5 Bxe5 15. Rc1 Bb2 16. Rc2 Bxa3 17. h3 Bb4+ 18. Kf1 Bd7 19. Bxb7 Qf6 20. Bd5+ Kh8 21. Qd4 Rae8 22. Qxf6+ Rxf6 23. Kg2 c6 24. Bf3 Ref8 25. Nd4 c5 26. Bc6 cxd4 27. Bxd7 d3 28. Ra2 d2 29. f4 a5 30. Rd1 R6f7 31. Bc6 Re7 32. Kf3 Kg7 33. e4 g5 34. Bd5 gxf4 35. gxf4 Kf6 36. Rdxd2 Bxd2 37. Rxd2 Rb8 38. Rd3 Rg7 0-1


[Site "https://www.chess.com"]

[Event "Titled Tuesday Blitz May 2 Early 2023"]
[White "Spitzl, Vinzent"]
[Black "Gatterer, Florian"]
[WhiteFideId "12901253"]
[BlackFideId "811688"]
[WhiteElo "2225"]
[BlackElo "2221"]
[Result "1-0"]
[Round "04"]
[TimeControl "180+2"]
[Date "2023.05.02"]
[WhiteClock "0:00:23"]
[BlackClock "0:00:19"]

1. e4 c5 2. Nf3 e6 3. d4 cxd4 4. Nxd4 Nf6 5. Nc3 Nc6 6. Ndb5 Bc5 7. Bf4 O-O 8. Bc7 Qe7 9. Bd6 Bxd6 10. Nxd6 Ne8 11. Nxe8 Rxe8 12. Be2 Qb4 13. O-O Qxb2 14. Nb5 Qe5 15. Kh1 a6 16. f4 Qb8 17. Nd6 Rf8 18. f5 Qa7 19. Qe1 Qc5 20. Rd1 Qe5 21. Qh4 f6 22. Bc4 Nd4 23. c3 Qxd6 24. Rxd4 Qe5 25. Qg4 b5 26. Bb3 Kh8 27. Rfd1 d5 28. exd5 exf5 29. Qh5 Qd6 30. Rh4 h6 31. Qg6 Bd7 32. Rd3 f4 33. Bc2 Be8 34. Rxh6+ gxh6 35. Qxh6+ Kg8 36. Rg3+ Kf7 37. Qg7# 1-0


[Site "https://www.chess.com"]

[Event "Titled Tuesday Blitz May 2 Early 2023"]
[White "Budrewicz, Krzysztof"]
[Black "Fernandez Siles, Luis"]
[WhiteFideId "1127950"]
[BlackFideId "2209420"]
[WhiteElo "2230"]
[BlackElo "2195"]
[Result "1-0"]
[Round "04"]
[TimeControl "180+2"]
[Date "2023.05.02"]
[WhiteClock "0:01:25"]
[BlackClock "0:00:26"]

1. d4 Nf6 2. c4 g6 3. Nc3 Bg7 4. e4 d6 5. Be2 O-O 6. Bg5 c6 7. Qd2 a6 8. a4 a5 9. h4 h5 10. Nf3 Na6 11. Rd1 Nb4 12. O-O Ng4 13. Rfe1 Qc7 14. Bf1 e5 15. dxe5 dxe5 16. c5 Be6 17. Qd6 Rac8 18. Qxc7 Rxc7 19. Bd8 Rc8 20. Bxa5 Nc2 21. Re2 Nd4 22. Nxd4 exd4 23. Nb1 Bb3 24. Rc1 Bxa4 25. Na3 d3 26. Rd2 Bh6 27. Nc4 Bxd2 28. Bxd2 Bc2 29. f3 Nf6 30. Ne3 Rfd8 31. Nxc2 dxc2 32. Rxc2 Nd7 33. Bg5 Re8 34. b4 f6 35. Be3 Ne5 36. Rb2 Red8 37. b5 Rd1 38. bxc6 bxc6 39. Kf2 Nd3+ 40. Bxd3 Rxd3 41. Rb7 Rdd8 42. Bh6 Rd2+ 43. Bxd2 1-0


[Site "https://www.chess.com"]

[Event "Titled Tuesday Blitz May 2 Early 2023"]
[White "Vedder, Richard"]
[Black "Pham, Le Thao Nguyen"]
[WhiteFideId "1004166"]
[BlackFideId "12401226"]
[WhiteElo "2168"]
[BlackElo "2286"]
[Result "1-0"]
[Round "04"]
[TimeControl "180+2"]
[Date "2023.05.02"]
[WhiteClock "0:01:02"]
[BlackClock "0:00:01"]

1. d4 d5 2. c4 c6 3. Nc3 Nf6 4. Nf3 a6 5. Bg5 dxc4 6. e4 b5 7. e5 Nd5 8. Ne4 f6 9. Bd2 Bf5 10. Ng3 e6 11. Nxf5 exf5 12. Be2 Be7 13. O-O O-O 14. Qc2 Qc8 15. b3 cxb3 16. axb3 fxe5 17. Nxe5 Bd6 18. Rfc1 Bxe5 19. dxe5 Qe6 20. f4 Rc8 21. Bd3 Ne7 22. Bb4 c5 23. Bxc5 Nd7 24. b4 Nxc5 25. bxc5 g6 26. Qf2 Kg7 27. h4 Nc6 28. h5 Rd8 29. Bf1 gxh5 30. Qh4 Qg6 31. Be2 Nd4 32. Bxh5 Qh6 33. Qg3+ Kh8 34. Bd1 Rg8 35. Qf2 Rad8 36. c6 Nxc6 37. Rxa6 Rg6 38. Qb2 Nd4 39. Rxg6 Qxg6 40. Rc7 Qe6 41. Qb4 Qb6 42. Qc5 Qxc5 43. Rxc5 Rb8 44. Rd5 Ne6 45. g3 b4 46. Bb3 Rc8 47. Rb5 Nd4 48. Rxb4 Rc3 49. Rxd4 Rxg3+ 50. Kf2 Rxb3 51. Rd6 Rb2+ 52. Kg3 Rb3+ 53. Kh4 Kg7 54. Kg5 1-0


[Site "https://www.chess.com"]

[Event "Titled Tuesday Blitz May 2 Early 2023"]
[White "Loiacono, Antonio"]
[Black "Gutkin, Ilya"]
[WhiteFideId "895415"]
[BlackFideId "16203470"]
[WhiteElo "2257"]
[BlackElo "2265"]
[Result "1/2-1/2"]
[Round "04"]
[TimeControl "180+2"]
[Date "2023.05.02"]
[WhiteClock "0:00:10"]
[BlackClock "0:00:06"]

1. e4 e6 2. d4 d5 3. Nc3 Nf6 4. e5 Nfd7 5. f4 c5 6. Nf3 a6 7. Be3 Nc6 8. Qd2 b5 9. dxc5 Bxc5 10. Bd3 Qb6 11. Bf2 O-O 12. a3 f6 13. exf6 Nxf6 14. O-O Ng4 15. Bxc5 Qxc5+ 16. Kh1 Qe3 17. Qxe3 Nxe3 18. Rfe1 Ng4 19. Kg1 Rxf4 20. Ng5 Nge5 21. Bxh7+ Kh8 22. Bd3 Bd7 23. Rf1 Raf8 24. Rxf4 Rxf4 25. Rf1 Nxd3 26. cxd3 Rxf1+ 27. Kxf1 g6 28. Ke2 Kg7 29. Nf3 Kf6 30. d4 g5 31. Ke3 Be8 32. b4 Bh5 33. Ne1 Bg6 34. h3 Bf5 35. Nf3 g4 36. hxg4 Bxg4 37. Nd2 Ke7 38. Nb3 Kd6 39. Nc5 e5 40. dxe5+ Kxe5 41. Kd2 d4 42. N3e4 Bc8 43. Nf2 Kd5 44. Nfd3 a5 45. bxa5 Nxa5 46. a4 Nc4+ 47. Kc1 bxa4 48. Nxa4 Ne3 49. Ne1 Bf5 50. Kd2 Be4 51. Nb6+ Kc5 52. Nd7+ Kd6 53. Nf6 Bxg2 54. Kd3 Ke5 55. Nd7+ Kd6 56. Nf6 Ke5 57. Nd7+ Kd6 58. Nb6 Kc5 59. Nd7+ Kd6 1/2-1/2


[Site "https://www.chess.com"]

[Event "Titled Tuesday Blitz May 2 Early 2023"]
[White "Minko, Dmitry"]
[Black "Hoffmann, Asa"]
[WhiteFideId "24188468"]
[BlackFideId "2001470"]
[WhiteElo "2147"]
[BlackElo "2117"]
[Result "1-0"]
[Round "04"]
[TimeControl "180+2"]
[Date "2023.05.02"]
[WhiteClock "0:00:04"]
[BlackClock "0:00:31"]

1. e4 d6 2. d4 Nf6 3. Nc3 c6 4. Be3 Ng4 5. Bf4 Qb6 6. Qd2 e5 7. dxe5 dxe5 8. Bg3 Nd7 9. Nf3 Bb4 10. h3 Ngf6 11. Bd3 O-O 12. Nxe5 Nxe5 13. Bxe5 Nd7 14. Bf4 Nc5 15. O-O Rd8 16. Be3 Qa5 17. Bxc5 Qxc5 18. Rfe1 Be6 19. Qe3 Qxe3 20. Rxe3 Bxc3 21. bxc3 b5 22. a4 a6 23. e5 Bd5 24. f4 g6 25. Kf2 Kf8 26. Be2 Ke7 27. Rd3 Be4 28. Rxd8 Rxd8 29. axb5 axb5 30. Ra7+ Kf8 31. Ke3 Bxg2 32. h4 h5 33. c4 bxc4 34. Bxc4 Bd5 35. Bd3 c5 36. Rc7 c4 37. Bxc4 Bxc4 38. Rxc4 Rd1 39. Rc7 Rh1 40. c4 Rxh4 41. c5 Rh3+ 42. Ke4 Rc3 43. f5 gxf5+ 44. Kxf5 Kg7 45. e6 Rf3+ 46. Ke4 Rf6 47. e7 Re6+ 48. Kf4 h4 49. Ra7 Kf6 50. Kg4 Re4+ 51. Kh3 Kg5 52. c6 f5 53. c7 Re3+ 54. Kh2 Rxe7 55. c8=Q Rxa7 56. Qd8+ Kg4 57. Qd1+ Kg5 58. Qd2+ f4 59. Qd5+ Kg4 60. Qe6+ Kf3 61. Kh3 Ra1 62. Qc6+ Ke3 63. Qc3+ Kf2 64. Qxa1 f3 65. Qb2+ Kf1 66. Qc1+ Ke2 67. Qc2+ Ke3 68. Qf5 f2 69. Kg2 h3+ 70. Kf1 h2 71. Qxf2+ Ke4 72. Qxh2 Ke3 73. Qh3+ Kf4 74. Qh4+ Kf3 75. Qd4 Kg3 76. Qe4 Kh2 77. Qg6 Kh1 78. Qg1# 1-0


[Site "https://www.chess.com"]

[Event "Titled Tuesday Blitz May 2 Early 2023"]
[White "Dwilewicz, Katarzyna"]
[Black "Rodchenkov, Sergey D."]
[WhiteFideId "1148486"]
[BlackFideId "4168712"]
[WhiteElo "2065"]
[BlackElo "2277"]
[Result "1-0"]
[Round "04"]
[TimeControl "180+2"]
[Date "2023.05.02"]
[WhiteClock "0:00:05"]
[BlackClock "0:00:10"]

1. e4 c5 2. Nf3 d6 3. d4 cxd4 4. Nxd4 Nf6 5. Nc3 a6 6. a4 g6 7. Be2 Bg7 8. Be3 O-O 9. O-O b6 10. f3 Bb7 11. Qd2 Nbd7 12. Rfd1 Rc8 13. Nb3 Qc7 14. Bf1 Rfd8 15. Qf2 Nc5 16. a5 b5 17. Nxc5 dxc5 18. Rxd8+ Qxd8 19. e5 Nd7 20. f4 Qc7 21. Rd1 f6 22. e6 Nf8 23. f5 Qc6 24. Be2 Qc7 25. Nd5 Bxd5 26. Rxd5 Qxa5 27. Bxc5 gxf5 28. b4 Qa1+ 29. Rd1 Qe5 30. Bd3 Nxe6 31. Bxf5 Nxc5 32. Bxc8 Ne4 33. Rd8+ Kf7 34. Qe2 Bh6 35. Bb7 Qa1+ 36. Rd1 Be3+ 37. Kf1 Nd2+ 38. Qxd2 Qe5 39. Qe2 Qf4+ 40. Qf3 Qe5 41. Bd5+ Kg7 42. g3 e6 43. Be4 Bg5 44. Kg2 f5 45. Bb7 Kf6 46. h4 Qc3 47. Qxc3+ Kg6 48. Rd7 Bf6 49. Qd3 Be5 50. Bxa6 Kf6 51. Rd8 Bd6 52. Bxb5 Be7 53. Re8 Bd8 54. Qd7 Ke5 55. Rxd8 Ke4 56. Qd3+ Ke5 57. Qd4# 1-0


[Site "https://www.chess.com"]

[Event "Titled Tuesday Blitz May 2 Early 2023"]
[White "Tarasova, Viktoriya"]
[Black "Hirneise, Jens"]
[WhiteFideId "4175840"]
[BlackFideId "24614734"]
[WhiteElo "2182"]
[BlackElo "2345"]
[Result "1/2-1/2"]
[Round "04"]
[TimeControl "180+2"]
[Date "2023.05.02"]
[WhiteClock "0:00:22"]
[BlackClock "0:00:11"]

1. d4 d5 2. c4 dxc4 3. e4 e5 4. Nf3 exd4 5. Bxc4 Bb4+ 6. Nbd2 Nf6 7. O-O O-O 8. a3 Bxd2 9. Nxd2 Be6 10. Bxe6 fxe6 11. e5 Nd5 12. Nb3 Nf4 13. g3 Ng6 14. Nxd4 Qd5 15. f4 Nc6 16. Nxc6 Qxc6 17. Be3 Rad8 18. Qf3 Qxf3 19. Rxf3 Nxe5 20. Rf2 Nc4 21. Bc5 Rfe8 22. b3 Nd2 23. b4 b6 24. Be3 Nc4 25. Re2 Rd3 26. Bf2 Rxa3 27. Rc1 b5 28. Rce1 Kf7 29. Bd4 a5 30. bxa5 Rxa5 31. f5 e5 32. Bxe5 Nxe5 33. Rxe5 Rxe5 34. Rxe5 Ra1+ 35. Kg2 b4 36. Rb5 Rb1 37. Rb7 Kf6 38. Rxc7 b3 39. g4 b2 40. Rb7 h6 41. Rb8 Ke5 42. h3 Kf4 43. Rb4+ Kg5 44. Rb8 h5 45. Rb4 hxg4 46. hxg4 Kh4 47. Kh2 Kg5 48. Kg2 Kf6 49. Rb8 Ke5 50. Rb4 Kd5 51. Kh2 Kc5 52. Rb8 Kc4 53. g5 Kd5 54. f6 gxf6 55. g6 Rc1 56. Rxb2 Rc7 57. Rg2 Rg7 58. Kh3 f5 59. Kh4 Ke4 60. Kg5 f4 61. Rg4 Ke3 62. Rxf4 Rxg6+ 63. Kxg6 Kxf4 1/2-1/2


[Site "https://www.chess.com"]

[Event "Titled Tuesday Blitz May 2 Early 2023"]
[White "Arat, Ufuk Sezen"]
[Black "Shtompel, Yuriy"]
[WhiteFideId "6309089"]
[BlackFideId "14168278"]
[WhiteElo "2289"]
[BlackElo "1844"]
[Result "0-1"]
[Round "04"]
[TimeControl "180+2"]
[Date "2023.05.02"]
[WhiteClock "0:00:08"]
[BlackClock "0:00:07"]

1. e4 c5 2. Nf3 d6 3. d4 cxd4 4. Nxd4 Nf6 5. Nc3 a6 6. Be3 e6 7. Be2 Nbd7 8. Qd2 Qc7 9. f3 h5 10. O-O-O Be7 11. h3 h4 12. f4 b5 13. Bf3 Bb7 14. a3 Rc8 15. Rhe1 Nb6 16. Ndxb5 axb5 17. Nxb5 Qc4 18. Nxd6+ Bxd6 19. Bxb6 Bxf4 20. Be3 Bxe3 21. Rxe3 O-O 22. Kb1 e5 23. Rc3 Qa4 24. Rb3 Bxe4 25. Bxe4 Qxe4 26. Re1 Qc4 27. Rxe5 Rfd8 28. Qc1 Ne4 29. Rb4 Nd2+ 30. Ka1 Qxc2 31. Qxc2 Rxc2 32. a4 Ra8 33. a5 Nc4 34. Rc5 Rc1+ 35. Ka2 Rxa5+ 36. Rxa5 Nxa5 37. Rxh4 Rc2 38. Rg4 g6 39. Ka3 Nc4+ 40. Kb3 Ne3 41. Re4 Re2 42. Ka4 Rxb2 43. Rxe3 Rxg2 44. Kb4 Rd2 45. Kc3 Rd6 46. Rg3 Kg7 47. Rg4 f5 48. Rg2 Kh6 49. Ra2 g5 50. Ra8 f4 51. Rh8+ Kg6 52. Kc4 f3 53. Ra8 Kf5 54. Ra1 Kf4 55. Rg1 f2 56. Rg4+ Kf3 57. Rxg5 f1=Q+ 0-1


[Site "https://www.chess.com"]

[Event "Titled Tuesday Blitz May 2 Early 2023"]
[White "Begunov, Konstantin"]
[Black "Bayasgalan, Khishigbaatar"]
[WhiteFideId "4118510"]
[BlackFideId "4904311"]
[WhiteElo "2087"]
[BlackElo "2057"]
[Result "0-1"]
[Round "04"]
[TimeControl "180+2"]
[Date "2023.05.02"]
[WhiteClock "0:00:28"]
[BlackClock "0:00:09"]

1. d4 Nf6 2. c4 e6 3. Nf3 d5 4. Nc3 c6 5. cxd5 exd5 6. Bg5 Be7 7. Qc2 O-O 8. e3 Bg4 9. Ne5 Bh5 10. Bd3 Bg6 11. Nxg6 hxg6 12. O-O-O Nbd7 13. h4 b5 14. Kb1 b4 15. Ne2 Rc8 16. Ba6 Rb8 17. Qxc6 Rb6 18. Qa4 Ne4 19. Bxe7 Qxe7 20. Rhf1 Ndc5 21. dxc5 Nxc5 22. Qc2 Nxa6 23. Rxd5 b3 24. Qc4 bxa2+ 25. Ka1 Nb4 26. Rd2 Rc6 27. Qb3 Rfc8 28. Nc3 a5 29. g3 Qf6 30. Rfd1 Kh7 31. Qa4 Rxc3 32. bxc3 Qxc3+ 33. Rb2 Qc1+ 34. Rb1 axb1=Q# 0-1


[Site "https://www.chess.com"]

[Event "Titled Tuesday Blitz May 2 Early 2023"]
[White "Li, Hui"]
[Black "Vivas Zamora, Fabian Ernesto"]
[WhiteFideId "15400310"]
[BlackFideId "3902480"]
[WhiteElo "1967"]
[BlackElo "2262"]
[Result "1-0"]
[Round "04"]
[TimeControl "180+2"]
[Date "2023.05.02"]
[WhiteClock "0:00:19"]
[BlackClock "0:00:01"]

1. e4 c5 2. Nf3 d6 3. d4 cxd4 4. Nxd4 Nf6 5. Nc3 g6 6. Be3 Bg7 7. f3 O-O 8. Qd2 Nc6 9. O-O-O d5 10. Kb1 e5 11. Nxc6 bxc6 12. exd5 Nxd5 13. Nxd5 cxd5 14. Qxd5 Qc7 15. Qxa8 Bf5 16. Qd5 Qxc2+ 17. Ka1 e4 18. Qb3 Bxb2+ 19. Qxb2 Qxd1+ 20. Qc1 Qd6 21. Bc4 exf3 22. Qd2 fxg2 23. Rg1 Qxh2 24. Rxg2 Qe5+ 25. Qd4 Qxd4+ 26. Bxd4 Rd8 27. Bxa7 h5 28. Be3 Kg7 29. a4 Rd1+ 30. Kb2 h4 31. Rd2 Re1 32. Bf2 Re4 33. Bb3 h3 34. Bg3 Rg4 35. Bd6 g5 36. a5 1-0


[Site "https://www.chess.com"]

[Event "Titled Tuesday Blitz May 2 Early 2023"]
[White "Chernomordik, Pavel"]
[Black "Mogirzan, Matei-Valeriu"]
[WhiteFideId "2804530"]
[BlackFideId "1257455"]
[WhiteElo "2193"]
[BlackElo "1733"]
[Result "1-0"]
[Round "04"]
[TimeControl "180+2"]
[Date "2023.05.02"]
[WhiteClock "0:01:22"]
[BlackClock "0:00:12"]

1. e4 e5 2. Nf3 Nf6 3. Nc3 Bc5 4. Nxe5 Nc6 5. Nf3 Nd4 6. e5 Qe7 7. Be2 Nxf3+ 8. Bxf3 Qxe5+ 9. Ne2 Qe7 10. d4 Bb6 11. Bg5 h6 12. Bh4 g5 13. Bg3 g4 14. Bxg4 Nxg4 15. O-O d5 16. Nf4 Nf6 17. Re1 Be6 18. Bh4 h5 19. Qf3 Bxd4 20. Rad1 Bxb2 21. Nxd5 Nxd5 22. Bxe7 Nxe7 23. Qxb7 O-O 24. Qxb2 Ng6 25. Qf6 Rab8 26. Rxe6 1-0


[Site "https://www.chess.com"]

[Event "Titled Tuesday Blitz May 2 Early 2023"]
[White "Szente Varga, Fruzsina"]
[Black "Zaitsev, Alexander"]
[WhiteFideId "712264"]
[BlackFideId "4164490"]
[WhiteElo "1994"]
[BlackElo "2373"]
[Result "1-0"]
[Round "04"]
[TimeControl "180+2"]
[Date "2023.05.02"]
[WhiteClock "0:00:35"]
[BlackClock "0:00:02"]

1. e4 d6 2. d4 Nf6 3. Nc3 c6 4. f3 b5 5. Be3 Nbd7 6. Qd2 e5 7. O-O-O Be7 8. g4 O-O 9. h4 Qa5 10. Kb1 b4 11. Nce2 Nb6 12. Nc1 exd4 13. Bxd4 c5 14. Bxf6 Bxf6 15. g5 Bxb2 16. Kxb2 Na4+ 17. Ka1 Nc3 18. Bc4 Be6 19. Bxe6 fxe6 20. Rf1 Rab8 21. Nge2 Rb6 22. Qd3 Ra6 23. Nxc3 bxc3 24. Qc4 Rb8 25. Qxe6+ Kh8 26. Nd3 d5 27. Qxd5 Rd8 28. Qc4 Rd4 29. Rb1 h6 30. Rb8+ Kh7 31. Qg8+ Kg6 32. Nf4# 1-0


[Site "https://www.chess.com"]

[Event "Titled Tuesday Blitz May 2 Early 2023"]
[White "Lopez, Henry"]
[Black "Gheorghiu, Calin"]
[WhiteFideId "5203830"]
[BlackFideId "1200305"]
[WhiteElo "2177"]
[BlackElo "2223"]
[Result "1-0"]
[Round "04"]
[TimeControl "180+2"]
[Date "2023.05.02"]
[WhiteClock "0:00:18"]
[BlackClock "0:00:11"]

1. d4 Nf6 2. Nf3 d5 3. c4 e6 4. Nc3 Be7 5. Bg5 O-O 6. e3 c6 7. Rc1 Nbd7 8. cxd5 exd5 9. Bd3 Re8 10. O-O Nf8 11. Ne5 Ne4 12. Bf4 f6 13. Nf3 Bd6 14. Bxd6 Nxd6 15. Qc2 Bg4 16. Nd2 Bh5 17. Rce1 Bg6 18. f3 Rc8 19. b4 b6 20. Kh1 Kh8 21. Nb3 Nc4 22. e4 b5 23. exd5 Ne3 24. Rxe3 Rxe3 25. Bxg6 Nxg6 26. Qd2 Re7 27. dxc6 Rxc6 28. Nc5 a6 29. d5 Rc8 30. d6 Re5 31. Rd1 a5 32. a3 axb4 33. axb4 Rc6 34. d7 Nf8 35. h3 h6 36. Nxb5 Rcxc5 37. bxc5 Rxc5 38. Qb4 Ne6 39. Na7 Rc7 40. Qd6 Nc5 41. Qxc7 1-0


[Site "https://www.chess.com"]

[Event "Titled Tuesday Blitz May 2 Early 2023"]
[White "Balague Camps, Marc"]
[Black "Shvedova, Alexandra"]
[WhiteFideId "2297914"]
[BlackFideId "54154782"]
[WhiteElo "2089"]
[BlackElo "2057"]
[Result "1-0"]
[Round "04"]
[TimeControl "180+2"]
[Date "2023.05.02"]
[WhiteClock "0:01:21"]
[BlackClock "0:00:12"]

1. d4 Nf6 2. c4 e6 3. Nc3 d5 4. cxd5 exd5 5. Bg5 c6 6. e3 Be7 7. Qc2 Bg4 8. Bd3 Bh5 9. Nf3 Bg6 10. O-O O-O 11. Ne5 Bxd3 12. Qxd3 Nbd7 13. f4 Re8 14. Bh4 Rc8 15. Kh1 c5 16. Bxf6 Nxf6 17. dxc5 Bxc5 18. Rad1 Qc7 19. Nxd5 Nxd5 20. Qxd5 Bxe3 21. Qb3 Rcd8 22. Rxd8 Rxd8 23. Qxe3 Qd6 24. h3 Qb4 25. b3 Re8 26. Qd3 Qb6 27. Qd5 Rf8 28. Nd7 Qd8 29. Rd1 Re8 30. Qxb7 Qh4 31. Qf3 h6 32. Ne5 Rc8 33. Qb7 Rf8 34. Rf1 Qh5 35. Qxa7 Qe2 36. Qf2 Qe4 37. Re1 Qd5 38. Qf3 Qd2 39. Re2 Qd1+ 40. Kh2 Rc8 41. Qd3 Qf1 42. Re4 Qc1 43. Rd4 g6 44. Qd2 Qc7 45. Rd7 Qc5 46. Nxf7 Qf5 47. Nxh6+ 1-0


[Site "https://www.chess.com"]

[Event "Titled Tuesday Blitz May 2 Early 2023"]
[White "Napoli, Nicolo"]
[Black "Manukyan, Artyom"]
[WhiteFideId "813702"]
[BlackFideId "13305786"]
[WhiteElo "2308"]
[BlackElo "2078"]
[Result "0-1"]
[Round "04"]
[TimeControl "180+2"]
[Date "2023.05.02"]
[WhiteClock "0:00:11"]
[BlackClock "0:02:02"]

1. e4 c5 2. Nf3 d6 3. c3 Nf6 4. Qc2 Nc6 5. Bb5 Bd7 6. O-O g6 7. d4 cxd4 8. cxd4 Bg7 9. Nc3 O-O 10. h3 Rc8 11. Bxc6 Bxc6 12. Qe2 a6 13. Bg5 b5 14. d5 Bb7 15. a3 Nd7 16. Rac1 Nc5 17. b4 Nb3 18. Rb1 Rxc3 19. Bd2 Nxd2 20. Qxd2 Qc7 21. Nd4 Rc8 22. Nb3 Rc2 23. Qg5 Bf6 24. Qg3 Qc3 25. Na5 Qxg3 26. fxg3 Ba8 27. g4 Bd4+ 28. Kh1 Bb6 29. Nb3 R8c3 30. Rfe1 f5 31. gxf5 gxf5 32. Kh2 fxe4 33. Rxe4 Bxd5 34. Rg4+ Kf7 35. Rf1+ Ke8 36. Nd4 h5 37. Rg8+ Bxg8 38. Nxc2 Rxc2 39. Kg3 Bd5 40. Kh4 Rxg2 41. Kxh5 Be3 42. Re1 Bf7+ 43. Kh4 Bg5# 0-1


[Site "https://www.chess.com"]